 Dungeon Crawl Stone Soup version 0.32-a0-960-g3814254bd7 (webtiles) character file.

Game seed: 16746211325454236079

2872187 RepHenryClay the Executioner (level 27, 229/229 HPs)
             Began as a Gnoll Warper on Apr 3, 2024.
             Was the Champion of Cheibriados.
             Escaped with the Orb
             ... and 5 runes on Apr 17, 2024!
             The game lasted 04:04:38 (82123 turns).

RepHenryClay the Executioner (Gnoll Warper)        Turns: 82123, Time: 04:04:39

Health: 229/229    AC: 34    Str: 32    XL:     27
Magic:  43/43      EV: 35    Int: 34    God:    Cheibriados [******]
Gold:   5322       SH: 23    Dex: 37    Spells: 11/67 levels left

rFire   + + .        b - +2 eudemon blade (holy)
rCold   + . .        Y - +1 kite shield {rC+}
rNeg    + + .        f - +4 storm dragon scales of the Present {rElec rN++}
rPois   +            y - +1 helmet
rElec   +            o - +2 cloak {rCorr}
rCorr   +            O - +2 pair of gloves {Dex+3}
SInv    .            V - +1 pair of boots of Roej {Will+ Str+4}
Will    ++++.        F - amulet of regeneration
Stlth   ++           Q - ring of the Octopus King {rF+ HP+2 AC+2 EV+2 SH+2}
HPRegen 1.38/turn    W - ring of the Firefly {^Drain Will+ Int+2 Slay+4}
MPRegen 0.28/turn

%: no passive effects
@: studying 3 skills, very slow
A: fangs 1, strong nose, distributed training, deformed body, fire resistance 1,
low MP 1, mutation resistance 1, poison resistance, wild magic 1
0: Orb of Zot
}: 5/15 runes: barnacled, slimy, silver, abyssal, gossamer
a: Renounce Religion, Bend Time, Temporal Distortion, Slouch, Step From Time


You escaped.
You worshipped Cheibriados.
Cheibriados was exalted by your worship.
You visited 12 branches of the dungeon, and saw 56 of its levels.
You visited the Abyss 2 times.
You also visited: Wizlab.

You collected 8875 gold pieces.
You spent 3553 gold pieces at shops.

Inventory:

Hand Weapons
 a - a +9 vampiric demon trident
 b - a +2 eudemon blade of holy wrath (weapon)
Missiles
 d - 7 darts of dispersal
 m - 7 throwing nets
 J - 5 javelins
 N - 17 silver javelins (quivered)
Armour
 f - the +4 storm dragon scales of the Present (worn) {rElec rN++}
   (You acquired it on level 4 of the Vaults)

   rElec:     It insulates you from electricity.
   rN++:      It greatly protects you from negative energy.
 o - a +2 cloak of preservation (worn)
 y - a +1 helmet (worn)
 O - a +2 pair of gloves of dexterity (worn)
 V - the +1 pair of boots of Roej (worn) {Will+ Str+4}
   (You acquired it on level 4 of the Vaults)

   Str+4:     It affects your strength (+4).
   Will+:     It increases your willpower.
 Y - a +1 kite shield of cold resistance (worn)
Magical Staves
 T - a staff of fire
Jewellery
 h - the amulet "Hoizeolaco" {Faith rN++ rCorr Dex-2}
   (You found it on level 3 of the Crypt)

   [amulet of faith]

   Faith:     It allows you to gain divine favour quickly.
   Dex-2:     It affects your dexterity (-2).
   rN++:      It greatly protects you from negative energy.
   rCorr:     It protects you from acid and corrosion.
 k - a ring of flight
 p - the ring of the Hare {EV+10}
   (You found it on level 5 of the Pits of Slime)

   [ring of evasion]

   EV+10:     It affects your evasion (+10).
 u - the ring "Koeruwil" {rC++ rN+ Will- Int-5 SInv}
   (You took it off a merfolk siren on level 4 of the Shoals)

   [ring of see invisible]

   Int-5:     It affects your intelligence (-5).
   rC++:      It greatly protects you from cold.
   rN+:       It protects you from negative energy.
   Will-:     It decreases your willpower.
   SInv:      It lets you see invisible.
 v - a ring of wizardry
 F - an amulet of regeneration (around neck)
 Q - a ring of the Octopus King (left hand) {rF+ HP+2 AC+2 EV+2 SH+2}
   (You took it off a vault guard on level 5 of the Vaults)

   [ring of protection from fire]

   AC+2:      It affects your AC (+2).
   EV+2:      It affects your evasion (+2).
   rF+:       It protects you from fire.
   HP+2:      It affects your health (+2).
   SH+2:      It affects your SH (+2).
 W - the ring of the Firefly (right hand) {^Drain Will+ Int+2 Slay+4}
   (You took it off a deep elf demonologist on level 3 of the Elven Halls)

   [ring of slaying]

   Int+2:     It affects your intelligence (+2).
   Slay+4:    It affects your accuracy & damage with ranged weapons and melee
   (+4).
   Will+:     It increases your willpower.
   ^Drain:    It drains your maximum health when unequipped.
 X - the ring "Loiciaf" {rC+ Int+3}
   (You bought it in a shop on level 2 of the Orcish Mines)

   [ring of protection from cold]

   Int+3:     It affects your intelligence (+3).
   rC+:       It protects you from cold.
 Z - the ring of Qunosu {rElec Will+ Slay+2}
   (You bought it in a shop on level 12 of the Dungeon)

   [ring of willpower]

   Slay+2:    It affects your accuracy & damage with ranged weapons and melee
   (+2).
   rElec:     It insulates you from electricity.
   Will+:     It increases your willpower.
Wands
 i - a wand of digging (33)
 C - a wand of roots (48)
 G - a wand of charming (106)
 M - a wand of mindburst (47)
 U - a wand of quicksilver (58)
Scrolls
 c - 4 scrolls of blinking
 e - 8 scrolls of enchant armour
 g - 15 scrolls of fear
 j - 13 scrolls of immolation
 l - 8 scrolls of fog
 q - 15 scrolls of teleportation
 r - a scroll of brand weapon
 A - 3 scrolls of amnesia
 I - 10 scrolls of butterflies
 L - a scroll of revelation
Potions
 n - 5 potions of magic
 w - 8 potions of resistance
 x - 15 potions of curing
 z - 10 potions of might
 B - 13 potions of enlightenment
 D - 8 potions of brilliance
 H - 19 potions of heal wounds
 K - 11 potions of ambrosia
 P - 4 potions of mutation
 R - a potion of cancellation
Miscellaneous
 s - a Gell's gravitambourine (2/2)
 E - a lightning rod (4/4)
 S - a box of beasts


   Skills:
 + Level 20.8 Fighting
 + Level 20.3 Short Blades
 + Level 20.3 Long Blades
 + Level 23.2 Axes
 + Level 20.8 Maces & Flails
 + Level 20.3 Polearms
 + Level 20.3 Staves
 + Level 20.3 Ranged Weapons
 + Level 20.5 Throwing
 + Level 20.5 Armour
 + Level 20.8 Dodging
 + Level 20.3 Stealth
 + Level 20.3 Shields
 + Level 20.3 Unarmed Combat
 + Level 20.8 Spellcasting
 + Level 19.0 Conjurations
 + Level 17.4 Hexes
 + Level 20.7 Summonings
 + Level 17.4 Necromancy
 + Level 18.1 Translocations
 + Level 17.4 Fire Magic
 + Level 17.4 Ice Magic
 + Level 17.4 Air Magic
 + Level 17.4 Earth Magic
 + Level 17.4 Alchemy
 + Level 22.0 Invocations
 + Level 20.3 Evocations
 + Level 18.8 Shapeshifting


You had 11 spell levels left.
You knew the following spells:

 Your Spells              Type           Power      Damage    Failure   Level
a - Disjunction           Tloc           59%        N/A       14%         8
b - Vhi's Electric Charg  Tloc/Air       100%       N/A       1%          4
c - Lesser Beckoning      Tloc           100%       N/A       1%          2
d - Ignition              Fire           58%        3d16      19%         8
h - Leda's Liquefaction   Alch/Erth      58%        N/A       1%          4
i - Bombard               Conj/Erth      59%        9d10      1%          6
j - Iskenderun's Mystic   Conj/Tloc      100%       2d19      (+2d11%     4
k - Borgnjor's Vile Clut  Necr/Erth      58%        N/A       1%          5
l - Eringya's Noxious Bo  Alch           58%        4d6       1%          6
m - Haunt                 Necr/Summ      60%        N/A       1%          7
Q - Blink                 Tloc           100%       N/A       1%          2

Your spell library contained the following spells:

 Spells                   Type           Power      Damage    Failure   Level
 Foxfire                  Conj/Fire      100%       2x1d9     1%          1
 Shock                    Conj/Air       100%       1d9       1%          1
 Sting                    Conj/Alch      100%       1d9       1%          1
 Summon Small Mammal      Summ           100%       N/A       1%          1
 Call Imp                 Summ           100%       N/A       1%          2
 Cigotuvi's Dreadful Rot  Necr/Alch/Air  100%       N/A       1%          2
 Ensorcelled Hibernation  Hex/Ice        100%       N/A       1%          2
 Jinxbite                 Hex            100%       N/A       1%          2
 Mercury Vapours          Alch/Air       100%       N/A       1%          2
 Momentum Strike          Conj/Tloc      100%       3d10      1%          2
 Scorch                   Fire           100%       2d9       1%          2
 Sublimation of Blood     Necr           100%       N/A       1%          2
 Call Canine Familiar     Summ           100%       N/A       1%          3
 Dazzling Flash           Conj/Hex       100%       N/A       1%          3
 Maxwell's Portable Pile  Tloc           100%       2d(15-43) 1%          3
 Mephitic Cloud           Conj/Alch/Air  100%       N/A       1%          3
 Passwall                 Erth           100%       N/A       1%          3
 Sigil of Binding         Hex            100%       N/A       1%          3
 Stone Arrow              Conj/Erth      100%       3d13      1%          3
 Summon Ice Beast         Ice/Summ       100%       N/A       1%          3
 Swiftness                Air            100%       N/A       1%          3
 Teleport Other           Tloc           100%       N/A       1%          3
 Tukima's Dance           Hex            100%       N/A       1%          3
 Volatile Blastmotes      Fire/Tloc      100%       2d18      1%          3
 Anguish                  Hex/Necr       58%        N/A       1%          4
 Animate Armour           Summ/Erth      100%       N/A       1%          4
 Animate Dead             Necr           100%       N/A       1%          4
 Brom's Barrelling Bould  Conj/Erth      100%       2d11      1%          4
 Cause Fear               Hex            58%        N/A       1%          4
 Dimensional Bullseye     Hex/Tloc       58%        N/A       1%          4
 Dispel Undead            Necr           100%       3d31      1%          4
 Flame Wave               Conj/Fire      100%       2d21      1%          4
 Ignite Poison            Fire/Alch      100%       N/A       1%          4
 Martyr's Knell           Necr/Summ      100%       N/A       1%          4
 Olgreb's Toxic Radiance  Alch           100%       N/A       1%          4
 Passage of Golubria      Tloc           100%       N/A       1%          4
 Petrify                  Alch/Erth      100%       N/A       1%          4
 Sticky Flame             Fire/Alch      100%       2d15      1%          4
 Summon Blazeheart Golem  Fire/Summ      100%       N/A       1%          4
 Summon Lightning Spire   Summ/Air       100%       N/A       1%          4
 Alistair's Intoxication  Alch           77%        N/A       1%          5
 Curse of Agony           Necr           100%       N/A       1%          5
 Fireball                 Conj/Fire      59%        3d23      1%          5
 Freezing Cloud           Conj/Ice/Air   58%        6-21      1%          5
 Irradiate                Conj/Alch      59%        3d31      1%          5
 Iskenderun's Battlesphe  Conj           100%       2d15      1%          5
 Lee's Rapid Deconstruct  Erth           58%        3d27*     1%          5
 Metabolic Englaciation   Hex/Ice        58%        N/A       1%          5
 Summon Forest            Summ/Tloc      60%        N/A       1%          5
 Summon Mana Viper        Hex/Summ       100%       N/A       1%          5
 Yara's Violent Unravell  Hex/Alch       58%        3d22      1%          5
 Conjure Ball Lightning   Conj/Air       59%        3x3d21    1%          6
 Death Channel            Necr           58%        N/A       1%          6
 Dispersal                Tloc           59%        N/A       1%          6
 Gell's Gavotte           Tloc           59%        2d(37-56) 1%          6
 Plasma Beam              Fire/Air       58%        2x1d73    1%          6
 Sculpt Simulacrum        Ice/Alch       58%        N/A       1%          6
 Starburst                Conj/Fire      59%        6d16      1%          6
 Summon Cactus Giant      Summ           62%        N/A       1%          6
 Malign Gateway           Summ/Tloc      60%        N/A       1%          7
 Monstrous Menagerie      Summ           62%        N/A       1%          7
 Orb of Destruction       Conj           60%        9d15      1%          7
 Spellforged Servitor     Conj/Summ      61%        N/A       1%          7
 Summon Hydra             Summ           62%        N/A       1%          7
 Enfeeble                 Hex            58%        N/A       3%          7
 Magnavolt                Erth/Air       58%        3d23      3%          7
 Ozocubu's Refrigeration  Ice            58%        4d20      3%          7
 Summon Horrible Things   Summ           62%        N/A       5%          8
 Lehudib's Crystal Spear  Conj/Erth      59%        10d14     14%         8
 Borgnjor's Revivificati  Necr           58%        N/A       19%         8
 Discord                  Hex            58%        N/A       19%         8
 Maxwell's Capacitive Co  Air            58%        ∞         19%         8
 Dragon's Call            Summ           62%        N/A       54%         9
 Death's Door             Necr           58%        N/A       94%         9


Dungeon Overview and Level Annotations

Branches:
Dungeon (15/15)            Temple (1/1) D:5            Lair (5/5) D:9
 Shoals (4/4) Lair:2       Spider (4/4) Lair:2        Slime (5/5) Lair:4
    Orc (2/2) D:10            Elf (3/3) Orc:2        Vaults (5/5) D:13
  Crypt (3/3) Vaults:2       Tomb (0/3) Crypt:3      Depths (4/4) D:15
    Zot (5/5) Depths:4     WizLab (visited)

Altars:
Ashenzari
Cheibriados
Dithmenos
Elyvilon
Fedhas
Gozag
Hepliaklqana
Kikubaaqudgha
Makhleb
Nemelex Xobeh
Okawaru
Qazlal
Ru
Sif Muna
Trog
Uskayaw
Vehumet
Wu Jian
Xom
Yredelemnul
Zin
The Shining One
Beogh
Jiyva
Lugonu

Shops:
D:3 ?   D:4 !   D:6 !***   D:12 =   Orc:2 =*=[   Vaults:2 :   Vaults:5 !
Depths:3 ?

Portals:
Hell: Depths:1 Depths:2 Depths:3 Depths:4
Abyss: Depths:2 Depths:3
Pandemonium: Depths:2 Depths:3
Ziggurat: Depths:3

Annotations:
D:15 Roxanne
Lair:1 3 runed translucent doors , Otedoll's ghost, journeyman DECj; Rickenoc's ghost, journeyman GnSu
Spider:1 2 transporters, yetimobile's ghost, adept OnGl
Depths:1 1 runed translucent door, Gazog's ghost, veteran GnWn
Zot:4 2 transporters, Qephaces's ghost, veteran GnGl


Innate Abilities, Weirdness & Mutations

You have very sharp teeth.
Your uncanny sense of smell can sniff out nearby items.
Your experience applies equally to all skills.
Armour fits poorly on your strangely shaped body.
Your flesh is heat resistant. (rF+)
Your magical capacity is low. (-10% MP)
You are somewhat resistant to further mutation.
Your system is resistant to poisons. (rPois)
Your spells are a little harder to cast, but a little more powerful.


Message History

A hellion comes into view.
You feel the dreadful sensation subside.
Your +2 eudemon blade of holy wrath softly glows with a divine radiance!
b - a +2 eudemon blade of holy wrath (weapon)
Casting: Borgnjor's Vile Clutch (mildly dangerous; 1% risk of failure)
Confirm with . or Enter, or press ? or * to list all spells.
Aiming: Lesser Beckoning (safe; 1% risk of failure)
Press: ? - help, Shift-Dir - straight line, f - hellion
Aim: a hellion (100% to hit)
Okay, then.
Casting: Lesser Beckoning (safe; 1% risk of failure)
Confirm with . or Enter, or press ? or * to list all spells.
Aiming: Vhi's Electric Charge (safe; 1% risk of failure)
Press: ? - help, Shift-Dir - straight line, f - hellion
Aim: a hellion (89% to hit)
You charge forward with an electric crackle!
You hit the hellion and electrocute it.
The hellion convulses.
The hellion is moderately wounded.
The hellion gestures at you.
The sphere of damnation explodes!
The damnation engulfs you!!!
The damnation engulfs the hellion.
The hellion completely resists.
Damage: -15%(-36hp) hp: 85%(193hp)
You slash the hellion!
The hellion convulses!
You bite the hellion, but do no damage.
The hellion is severely wounded.
You block the hellion's attack.
You slash the hellion!
You kill the hellion!
Cheibriados appreciates the change of pace.
There is an open door here.
Aiming: Dig
Press: ? - help, Shift-Dir - straight line, f - you Please select a direction to dig.
This square is covered in magical glow.
The rock shatters into small pieces.
You open the door.
There is an open door here.
There is a staircase leading out of the dungeon here.
HP restored.
You have escaped!

...............##.#.....#.#.#.#####
.....)..#########'#########.#......
..[.....#.................#.#.#####
..#.....#.#.###########.#.#.##### #
..#.....#.##.#.......#.##.#.....###
....#.#.#.#.#.###'###.#.#.#####....
........#.#.#.#.....#.#.#.# ##..##
......###.#.#.#.....#.#.#.####..##
###...'.'.#.#.'..@..'.....'.'...#
......###.#.#.#.....#.#.#.###...#
#####...#.#.#.#.....#.#.#.##....#
#.#.#.#.#.###+###.#.#.##.##.#
#.#.#.##.#.......#.##.##.##.#
#.#.#.#.###########.#.##.##.#
#.#.#.................#.....###
#####'#.#########+#########>.......
#.....÷........##.#......##..######


There were no monsters in sight!

Vanquished Creatures
  the Royal Jelly (Slime:5)
  6 dread liches
  6 orbs of fire
  3 ancient liches
  Mara (Vaults:2)
  2 pandemonium lords
  2 juggernauts
  Xtahua (Depths:4)
  Sojobo (Depths:2)
  Josephina (Crypt:3)
  Bai Suzhen (Crypt:1)
  7 Killer Klowns (Zot:5)
  A curse toe (Zot:5)
  Saint Roka (Vaults:5)
  Margery (Vaults:5)
  Jory (Crypt:3)
  16 golden dragons
  A profane servitor (Crypt:3)
  3 electric golems
  A bone dragon (Crypt:3)
  A hellephant (Vaults:5)
  14 tentacled monstrosities
  A Hell Sentinel (Depths:1)
  Rupert (D:12)
  27 Orb Guardians
  An Ice Fiend (D:14)
  A walking crystal tome (Depths:2)
  6 liches
  2 titans
  7 quicksilver dragons
  13 sphinxes
  20 acid blobs
  5 deep elf master archers
  A walking divine tome (Depths:3)
  2 deep elf blademasters (Elf:3)
  Polyphemus (Shoals:3)
  2 krakens
  4 ancient champions
  9 death cobs
  9 tengu reavers
  2 thorn hunters (WizLab)
  8 shadow dragons
  Ilsuiw (Shoals:2)
  12 storm dragons
  9 azure jellies
  13 rockslimes
  8 draconian monks
  Donald (Elf:1)
  6 frost giants (Depths:2)
  3 fenstrider witches (WizLab)
  2 protean progenitors (Zot:3)
  3 daevas (Abyss:3)
  4 revenants
  2 emperor scorpions
  3 draconian knights
  A demonspawn warmonger (D:4)
  19 vault wardens
  10 fire giants
  7 draconian scorchers
  6 deep elf sorcerers
  5 draconian shifters
  4 ghost moths
  3 iron dragons
  A balrug (D:1)
  A curse skull (Vaults:2)
  3 angels (Abyss:3)
  A reaper (D:4)
  2 ghouls
  A caustic shrike zombie (Crypt:3)
  4 deep elf elementalists (Elf:3)
  22 very ugly things
  An orc warlord (Vaults:1)
  A cacodemon (Abyss:3)
  4 draconian annihilators
  5 draconian stormcallers
  4 ironbound thunderhulks
  18 ironbound preservers
  16 stone giants
  11 quicksilver oozes
  12 formless jellyfish
  2 spriggan defenders (Depths:2)
  12 vampire knights
  5 green draconians
  2 broodmothers (Spider:4)
  12 red draconians
  11 yellow draconians
  A demonspawn blood saint (D:1)
  10 deep elf demonologists
  10 dire elephants
  An eleionoma (WizLab)
  6 white draconians
  8 black draconians
  7 deep elf annihilators
  11 deep elf death magi
  A war gargoyle (Vaults:5)
  7 purple draconians
  15 spark wasps
  A blizzard demon (Depths:3)
  19 ettins
  3 eidola
  A green death (Depths:1)
  Fannar (Lair:3)
  3 crystal guardians
  21 jiangshi
  7 merfolk impalers
  5 merfolk javelineers (Shoals:4)
  14 yaktaur captains
  A quicksilver dragon zombie (Depths:1)
  6 deep elf high priests
  6 entropy weavers
  A shambling mangrove (WizLab)
  37 vault guards
  7 fire dragons
  2 spriggan zombies
  12 ice dragons
  A juggernaut simulacrum (Crypt:3)
  12 great orbs of eyes
  9 rakshasas
  3 peacekeepers
  7 spriggan air magi
  9 ironbound frosthearts
  5 merfolk aquamancers
  6 boulder beetles
  9 hydras
  2 merfolk avatars (Shoals:4)
  A bennu zombie (Crypt:1)
  22 centaur warriors
  3 jorogumos
  3 catoblepae
  3 radroaches (Spider:4)
  33 dancing weapons
  7 death knights
  9 vampire magi
  An alligator snapping turtle (Shoals:2)
  2 ogre magi (Orc:2)
  13 two-headed ogres
  13 tengu warriors
  2 spriggan skeletons (Crypt:1)
  11 demonic crawlers
  12 deep troll shamans
  20 death yaks
  8 satyrs
  2 occultists
  4 naga sharpshooters (WizLab)
  15 deep troll earth magi
  9 spriggan berserkers
  2 holy swine (Abyss:3)
  Urug (Lair:3)
  2 bennu skeletons (Crypt:1)
  5 orc high priests
  Sonja (D:13)
  2 sun demons
  15 deep elf knights
  9 skysharks
  22 hell knights
  Nergalle (D:12)
  3 pharaoh ants
  2 shadow wraiths
  A skyshark (shapeshifter) (Vaults:5)
  30 skeletal warriors
  2 iron trolls (Depths:3)
  A soul eater (Crypt:2)
  A sixfirhy (D:11)
  14 deep elf archers
  A glowing orange brain (shapeshifter) (Vaults:5)
  13 orb spiders
  A goliath frog (shapeshifter) (Depths:3)
  5 arcanists
  9 flayed ghosts
  An elf simulacrum (Crypt:3)
  An anaconda zombie (Crypt:1)
  4 glowing orange brains
  56 deep trolls
  5 shadow demons
  2 orange crystal statues (Zot:5)
  10 steelbarb worms
  8 sea snakes
  2 sun moths
  6 bog bodies
  5 lindwurms
  13 harpies
  14 phantasmal warriors
  2 obsidian statues
  10 orc knights
  32 ugly things
  29 deep elf pyromancers
  6 thermic dynamos
  24 ironbound convokers
  31 deep elf zephyrmancers
  9 shining eyes
  17 necromancers
  2 oklob plants (WizLab)
  13 fauns
  8 cyclopes
  17 manticores
  8 orc sorcerers
  An ugly thing (shapeshifter) (Vaults:5)
  17 wolf spiders
  A shadow dragon skeleton (Crypt:2)
  2 apocalypse crabs (Abyss:3)
  A cyclops (shapeshifter) (Depths:3)
  A spectral centaur (Crypt:3)
  A jorogumo skeleton (Crypt:2)
  A formless jellyfish zombie (Crypt:2)
  31 moths of wrath
  7 meliai
  A rust devil (Depths:4)
  5 black mambas
  A centaur zombie (Crypt:1)
  A kobold blastminer (Orc:1)
  7 eyes of devastation
  A water nymph (shapeshifter) (Vaults:5)
  5 elephants
  A naga zombie (Crypt:1)
  7 merfolk sirens
  20 vault sentinels
  An eye of devastation (shapeshifter) (Depths:3)
  2 gargoyles (D:14)
  4 kobold demonologists
  14 cane toads
  A hellion (D:1)
  3 torpor snails
  7 large abominations
  5 water nymphs
  An ice devil (Abyss:3)
  A minotaur zombie (Crypt:2)
  An unseen horror (D:11)
  20 komodo dragons
  46 yaktaurs
  An iron giant simulacrum (Crypt:3)
  14 freezing wraiths
  A sea snake zombie (Crypt:1)
  A redback zombie (Crypt:2)
  3 rime drakes
  2 tengu conjurers (Depths:1)
  A catoblepas skeleton (Crypt:1)
  5 hornets
  33 merfolk
  14 trolls
  A hornet (shapeshifter) (D:14)
  A tyrant leech (Lair:2)
  21 jumping spiders
  A hellwing (D:12)
  Grinder (D:4)
  A great orb of eyes zombie (Crypt:2)
  4 polar bears
  18 tarantellas
  3 wind drakes
  45 blink frogs
  4 glass eyes
  11 dream sheep
  A radroach zombie (Crypt:2)
  A raiju (shapeshifter) (D:14)
  A snapping turtle (shapeshifter) (Vaults:5)
  8 snapping turtles
  Prince Ribbit (Lair:1)
  58 slime creatures
  15 culicivoras
  An ettin zombie (Depths:1)
  2 shadows (Crypt:3)
  3 wyverns
  5 air elementals
  7 wraiths
  2 centaur simulacra (Crypt:3)
  3 fire elementals
  4 wargs
  A vampire (D:14)
  47 yaks
  4 ynoxinuls
  4 basilisks
  37 redbacks
  3 golden eyes (Slime:4)
  15 water elementals
  4 vampire mosquitoes (D:14)
  2 redbacks (shapeshifter)
  Menkaure (D:5)
  A chaos spawn (Depths:3)
  4 acid dragons
  A deep troll zombie (Crypt:1)
  2 harpy simulacra
  17 water moccasins
  A tengu skeleton (Depths:1)
  5 hell hounds (Elf:3)
  4 ice beasts
  29 orc warriors
  28 laughing skulls
  2 sky beasts
  3 black bears
  A lindwurm zombie (Crypt:1)
  20 ogres
  5 small abominations
  2 boggarts (Elf:1)
  11 wolves
  6 centaurs
  2 weeping skulls (Abyss:3)
  A phantom (D:4)
  5 kobold brigands
  Blork the orc (D:5)
  A scorpion (D:4)
  12 bullfrogs
  2 earth elementals
  A gnoll sergeant (D:7)
  4 burial acolytes (Crypt:3)
  A cyclops skeleton (Crypt:1)
  5 wights (D:10)
  A shapeshifter zombie (Crypt:2)
  19 killer bees
  8 electric eels
  3 howler monkeys (D:14)
  A hound (D:4)
  A bombardier beetle (D:5)
  Crazy Yiuf (D:3)
  12 orc priests
  A gnoll bouda (D:5)
  5 jellies
  10 starcursed masses (Abyss:3)
  3 iguanas
  Ijyb (D:4)
  18 hell rats
  20 orc wizards
  An ogre zombie (Crypt:2)
  Robin (D:4)
  7 gnolls
  5 adders
  A shadow imp (D:7)
  A white imp (Abyss:3)
  2 ufetubi (D:5)
  An adder zombie (Crypt:2)
  5 dart slugs
  73 orcs
  5 endoplasms
  3 giant cockroaches
  8 goblins
  9 hobgoblins
  14 jackals
  A quokka (D:5)
  7 ball pythons
  10 bats
  An endoplasm zombie (Crypt:2)
  A frilled lizard (D:1)
  A gnoll skeleton (Crypt:1)
  A hobgoblin skeleton (Crypt:2)
  23 kobolds
  A kobold zombie (Crypt:1)
  2 rats (D:1)
  4 tentacles (Shoals:3)
2528 creatures vanquished.

Vanquished Creatures (collateral kills)
  A rakshasa (Depths:2)
  A spriggan berserker (Depths:2)
  2 shining eyes (Slime:4)
  An orange demon (Abyss:3)
  A glass eye (Slime:4)
  2 yaks (Lair:2)
  A redback (Spider:2)
  3 swamp worms (Lair:2)
  3 gnolls (D:5)
15 creatures vanquished.

Vanquished Creatures (others)
  A golden dragon (Zot:5)
  A fire giant (Vaults:5)
  A draconian knight (Zot:2)
  A frost giant (Depths:2)
  2 ghost moths
  An ice dragon (Depths:3)
  A centaur warrior (Vaults:1)
  An iron troll (Depths:4)
  A shadow wraith (Crypt:3)
  A spriggan simulacrum (Crypt:3)
  A steelbarb worm (Spider:4)
  A yak (Lair:2)
  A harpy simulacrum (Crypt:3)
  17 tentacles
31 creatures vanquished.

Grand Total: 2574 creatures vanquished

Notes
Turn   | Place    | Note
-------+----------+-------------------------------------------
     0 | D:1      | RepHenryClay the Gnoll Warper began the quest for the Orb.
     0 | D:1      | Reached XP level 1. HP: 20/20 MP: 6/6
   207 | D:1      | Reached XP level 2. HP: 22/26 MP: 7/7
   577 | D:1      | Reached skill level 5 in Spellcasting
   577 | D:1      | Reached XP level 3. HP: 31/31 MP: 7/9
   850 | D:1      | Reached skill level 1 in Invocations
  1080 | D:2      | Found a faded altar of an unknown god.
  1093 | D:2      | Reached skill level 1 in Short Blades
  1093 | D:2      | Reached skill level 1 in Long Blades
  1093 | D:2      | Reached skill level 1 in Axes
  1093 | D:2      | Reached skill level 1 in Polearms
  1093 | D:2      | Reached skill level 1 in Staves
  1093 | D:2      | Reached skill level 1 in Ranged Weapons
  1093 | D:2      | Reached skill level 1 in Stealth
  1093 | D:2      | Reached skill level 1 in Shields
  1093 | D:2      | Reached skill level 1 in Unarmed Combat
  1093 | D:2      | Reached skill level 1 in Evocations
  1105 | D:2      | Reached skill level 1 in Shapeshifting
  1105 | D:2      | Reached XP level 4. HP: 27/38 MP: 11/11
  1115 | D:2      | Learned a level 2 spell: Blink
  1119 | D:2      | Learned a level 3 spell: Maxwell's Portable Piledriver
  1188 | D:2      | Learned a level 4 spell: Vhi's Electric Charge
  1466 | D:2      | Found a basalt altar of Yredelemnul.
  1909 | D:3      | Reached skill level 1 in Conjurations
  1909 | D:3      | Reached skill level 1 in Hexes
  1909 | D:3      | Reached skill level 1 in Summonings
  1909 | D:3      | Reached skill level 1 in Necromancy
  1909 | D:3      | Reached skill level 1 in Fire Magic
  1909 | D:3      | Reached skill level 1 in Ice Magic
  1909 | D:3      | Reached skill level 1 in Air Magic
  1909 | D:3      | Reached skill level 1 in Earth Magic
  1909 | D:3      | Reached skill level 1 in Alchemy
  2175 | D:3      | Reached XP level 5. HP: 43/43 MP: 12/12
  2456 | D:3      | Found Sosun Uwae's Magic Scroll Shoppe.
  2465 | D:3      | Bought a scroll of blinking for 90 gold pieces
  2465 | D:3      | Bought a scroll of identify for 24 gold pieces
  2465 | D:3      | Bought a scroll of teleportation for 36 gold pieces
  2465 | D:3      | Bought a scroll of noise for 12 gold pieces
  2786 | D:3      | Found a runed translucent door.
  2787 | D:3      | Noticed Crazy Yiuf
  2793 | D:3      | Killed Crazy Yiuf
  2844 | D:4      | Found Ogouly's Distillery.
  2948 | D:4      | Bought a potion of curing for 36 gold pieces
  2956 | D:4      | Noticed a phantom
  2969 | D:4      | Reached XP level 6. HP: 50/50 MP: 13/13
  2985 | D:4      | Reached skill level 5 in Fighting
  2985 | D:4      | Reached skill level 2 in Axes
  2985 | D:4      | Reached skill level 5 in Maces & Flails
  2985 | D:4      | Reached skill level 5 in Dodging
  3025 | D:4      | Noticed Grinder
  3040 | D:4      | Killed Grinder
  3041 | D:4      | Reached XP level 7. HP: 30/56 MP: 15/15
  3093 | D:4      | Bought a potion of might for 48 gold pieces
  3299 | D:4      | Noticed Ijyb
  3300 | D:4      | Noticed Robin
  3322 | D:4      | Killed Ijyb
  3403 | D:4      | Killed Robin
  3577 | D:5      | Entered Level 5 of the Dungeon
  3604 | D:4      | Bought a potion of brilliance for 48 gold pieces
  3848 | D:5      | Reached skill level 3 in Axes
  3848 | D:5      | Reached XP level 8. HP: 48/63 MP: 13/16
  3855 | D:5      | Learned a level 2 spell: Lesser Beckoning
  3858 | D:5      | Learned a level 2 spell: Momentum Strike
  3862 | D:5      | Learned a level 3 spell: Teleport Other
  4024 | D:5      | Noticed Menkaure
  4033 | D:5      | Killed Menkaure
  4186 | D:5      | Found a staircase to the Ecumenical Temple.
  4196 | Temple   | Entered the Ecumenical Temple
  4278 | D:5      | Identified the +1 ring mail of Luefum {Str+2}
  4470 | D:5      | Noticed Blork the orc
  4496 | D:5      | Killed Blork the orc
  4708 | D:4      | Bought a potion of invisibility for 96 gold pieces
  4757 | D:6      | Found Vima Sej's Distillery.
  4762 | D:6      | Found Sairgh's Assorted Antiques.
  4762 | D:6      | Found Cybuw's Assorted Antiques.
  4763 | D:6      | Found Hochomus's Assorted Antiques.
  4766 | D:6      | Noticed a two-headed ogre
  4777 | D:6      | Killed a two-headed ogre
  4778 | D:6      | Reached skill level 4 in Axes
  4778 | D:6      | Reached skill level 5 in Throwing
  4778 | D:6      | Reached skill level 5 in Armour
  4778 | D:6      | Reached XP level 9. HP: 57/69 MP: 12/18
  5194 | D:6      | Noticed a hornet
  5199 | D:6      | Paralysed by a hornet for 3 turns
  5587 | D:7      | Reached skill level 5 in Invocations
  6183 | D:7      | Found a snail-covered altar of Cheibriados.
  6189 | D:7      | Found a glowing silver altar of Zin.
  6191 | D:7      | Found a burning altar of Makhleb.
  6191 | D:7      | Found a radiant altar of Vehumet.
  6192 | D:7      | Found a stormy altar of Qazlal.
  6192 | D:7      | Found an ornate altar of the Wu Jian Council.
  6195 | D:7      | Became a worshipper of Cheibriados the Contemplative
  6950 | D:8      | Reached * piety under Cheibriados
  6957 | D:8      | Reached skill level 5 in Short Blades
  6957 | D:8      | Reached skill level 5 in Long Blades
  6957 | D:8      | Reached skill level 5 in Axes
  6957 | D:8      | Reached skill level 5 in Polearms
  6957 | D:8      | Reached skill level 5 in Staves
  6957 | D:8      | Reached skill level 5 in Ranged Weapons
  6957 | D:8      | Reached skill level 5 in Stealth
  6957 | D:8      | Reached skill level 5 in Shields
  6957 | D:8      | Reached skill level 5 in Unarmed Combat
  6957 | D:8      | Reached skill level 5 in Evocations
  6957 | D:8      | Reached XP level 10. HP: 60/77 MP: 18/20
  7127 | D:8      | Noticed a two-headed ogre
  7134 | D:8      | Killed a two-headed ogre
  7776 | D:9      | Reached ** piety under Cheibriados
  7806 | D:9      | Noticed a two-headed ogre
  7878 | D:9      | Killed a two-headed ogre
  7879 | D:9      | Reached skill level 5 in Shapeshifting
  8233 | D:9      | Found a staircase to the Lair.
  8294 | D:9      | Noticed a two-headed ogre
  8320 | D:9      | Killed a two-headed ogre
  9154 | D:9      | Found an opulent altar of Gozag.
  9295 | D:10     | Entered Level 10 of the Dungeon
  9339 | D:10     | Noticed a tengu warrior
  9339 | D:10     | Noticed a rakshasa
  9488 | D:10     | Found a staircase to the Orcish Mines.
  9488 | D:10     | Noticed a kobold demonologist
  9517 | D:10     | Reached skill level 6 in Axes
  9520 | D:10     | Noticed an orange demon
  9524 | D:10     | Killed a kobold demonologist
  9525 | D:10     | Reached skill level 5 in Conjurations
  9525 | D:10     | Reached skill level 5 in Hexes
  9525 | D:10     | Reached skill level 5 in Summonings
  9525 | D:10     | Reached skill level 5 in Necromancy
  9525 | D:10     | Reached skill level 5 in Fire Magic
  9525 | D:10     | Reached skill level 5 in Ice Magic
  9525 | D:10     | Reached skill level 5 in Air Magic
  9525 | D:10     | Reached skill level 5 in Earth Magic
  9525 | D:10     | Reached skill level 5 in Alchemy
  9525 | D:10     | Reached XP level 11. HP: 30/85 MP: 11/22
 10135 | D:6      | Reached *** piety under Cheibriados
 10491 | D:10     | Noticed a rakshasa
 10521 | Lair:1   | Entered Level 1 of the Lair of Beasts
 10521 | Lair:1   | Found a runed translucent gate.
 10521 | Lair:1   | Found a runed translucent gate.
 10521 | Lair:1   | Found a runed translucent gate.
 10522 | Lair:1   | Noticed Otedoll's ghost (journeyman DECj)
 10522 | Lair:1   | Noticed Rickenoc's ghost (journeyman GnSu)
 10563 | Lair:1   | HP: 2/82 [poisoned by a black mamba]
 11077 | Orc:1    | Entered Level 1 of the Orcish Mines
 11171 | Orc:1    | Noticed an orc sorcerer
 11478 | Lair:1   | Reached **** piety under Cheibriados
 12483 | Lair:2   | Noticed Prince Ribbit
 12511 | Lair:1   | Killed Prince Ribbit
 12512 | Lair:1   | Reached skill level 7 in Axes
 12629 | Lair:2   | Found a hole to the Spider Nest.
 12875 | Lair:2   | Reached XP level 12. HP: 94/94 MP: 24/24
 13166 | Lair:2   | Upgraded the game from 0.32-a0-893-gf85d74f360 to
                  | 0.32-a0-898-g7811c86cf0
 13663 | Lair:2   | Found a staircase to the Shoals.
 14244 | D:6      | Bought a scroll of identify for 60 gold pieces
 14248 | D:6      | Bought a scroll of identify for 42 gold pieces
 14248 | D:6      | Bought a scroll of teleportation for 63 gold pieces
 14248 | D:6      | Bought a scroll of teleportation for 63 gold pieces
 14253 | D:6      | Bought a scroll of identify for 54 gold pieces
 14309 | D:3      | Bought a scroll of identify for 24 gold pieces
 14309 | D:3      | Bought a scroll of fog for 48 gold pieces
 15185 | Lair:2   | Identified the +9 shortbow of Qoewn {freeze, rCorr Int+3}
 15374 | Lair:3   | Reached skill level 8 in Axes
 15388 | Lair:3   | Noticed a skyshark
 15400 | Lair:3   | Killed a skyshark
 15412 | Lair:3   | Reached ***** piety under Cheibriados
 15413 | Lair:3   | Reached XP level 13. HP: 56/101 MP: 19/26
 15455 | Lair:3   | Noticed Urug
 15466 | Lair:3   | Killed Urug
 15603 | Lair:3   | Noticed Fannar
 15635 | Lair:3   | Killed Fannar
 15755 | Lair:3   | Learned a level 4 spell: Olgreb's Toxic Radiance
 15760 | Lair:3   | Learned a level 4 spell: Ignite Poison
 15766 | Lair:3   | Learned a level 5 spell: Freezing Cloud
 15950 | Lair:3   | Reached skill level 10 in Spellcasting
 16571 | Lair:3   | Reached skill level 10 in Fighting
 16571 | Lair:3   | Reached skill level 10 in Maces & Flails
 16571 | Lair:3   | Reached skill level 10 in Dodging
 16778 | Lair:4   | Reached skill level 9 in Axes
 17362 | Lair:4   | Reached skill level 10 in Invocations
 17362 | Lair:4   | Reached XP level 14. HP: 100/110 MP: 28/28
 17425 | Lair:4   | Reached ****** piety under Cheibriados
 17426 | Lair:4   | Found a staircase to the Slime Pits.
 17470 | Lair:4   | Found a viscous altar of Jiyva.
 18299 | Lair:5   | Entered Level 5 of the Lair of Beasts
 18712 | Lair:5   | Reached skill level 10 in Throwing
 18712 | Lair:5   | Reached skill level 10 in Armour
 19723 | Lair:5   | Reached skill level 10 in Translocations
 19799 | Lair:5   | Noticed a dire elephant
 19808 | Lair:5   | Killed a dire elephant
 20004 | Lair:5   | Reached skill level 10 in Short Blades
 20004 | Lair:5   | Reached skill level 10 in Long Blades
 20004 | Lair:5   | Reached skill level 10 in Axes
 20004 | Lair:5   | Reached skill level 10 in Polearms
 20004 | Lair:5   | Reached skill level 10 in Staves
 20004 | Lair:5   | Reached skill level 10 in Ranged Weapons
 20004 | Lair:5   | Reached skill level 10 in Stealth
 20004 | Lair:5   | Reached skill level 10 in Shields
 20004 | Lair:5   | Reached skill level 10 in Unarmed Combat
 20004 | Lair:5   | Reached skill level 10 in Evocations
 20554 | D:10     | Found a runed translucent door.
 20554 | D:10     | Found a runed translucent door.
 20763 | D:10     | Reached XP level 15. HP: 118/118 MP: 30/30
 22671 | D:12     | Noticed Rupert
 22839 | Orc:1    | You are sucked into a shaft and drop 1 floor!
 22839 | Orc:2    | Entered Level 2 of the Orcish Mines
 22867 | Orc:2    | Found a staircase to the Elven Halls.
 23000 | Orc:1    | Found a roughly hewn altar of Beogh.
 23644 | Orc:2    | Found a shimmering altar of Xom.
 23767 | Orc:2    | Found a burning altar of Makhleb.
 24103 | Orc:2    | Paralysed by an ogre mage for 4 turns
 24331 | Orc:2    | Found a burning altar of Makhleb.
 24546 | Orc:2    | Found Lirat's Jewellery Shoppe.
 24547 | Orc:2    | Found Otzunoa's Jewellery Emporium.
 24565 | Orc:2    | Found Osagabaa's Armour Shop.
 24571 | Orc:2    | Bought a ring of willpower for 300 gold pieces
 24579 | Orc:2    | Found Noesmoni's General Store.
 24593 | Orc:2    | Bought a +2 pair of gloves of dexterity for 322 gold pieces
 24606 | Orc:2    | Bought a scroll of identify for 30 gold pieces
 25048 | D:4      | Bought a potion of experience for 600 gold pieces
 25048 | D:4      | Bought a potion of attraction for 36 gold pieces
 25048 | D:4      | Reached skill level 11 in Axes
 25048 | D:4      | Reached skill level 10 in Shapeshifting
 25048 | D:4      | Reached XP level 16. HP: 127/127 MP: 30/32
 25458 | D:12     | Found Kicev's Jewellery Emporium.
 25756 | D:12     | Noticed Nergalle
 25762 | D:12     | Killed Nergalle
 26146 | D:12     | Killed Rupert
 26368 | D:13     | Noticed Sonja
 26370 | D:13     | Killed Sonja
 26371 | D:13     | Reached XP level 17. HP: 133/133 MP: 33/33
 27270 | D:13     | Found a gate to the Vaults.
 28525 | D:15     | Entered Level 15 of the Dungeon
 28597 | D:15     | Found a staircase to the Depths.
 28931 | D:15     | Noticed Roxanne
 29183 | D:15     | Found a shadowy altar of Dithmenos.
 30247 | Shoals:1 | Entered Level 1 of the Shoals
 30466 | Shoals:1 | Noticed a kraken
 30490 | Shoals:1 | Killed a kraken
 32011 | Shoals:2 | Noticed Ilsuiw
 32023 | Shoals:2 | Killed Ilsuiw
 32182 | Shoals:2 | Reached skill level 10 in Conjurations
 32182 | Shoals:2 | Reached skill level 10 in Hexes
 32182 | Shoals:2 | Reached skill level 10 in Summonings
 32182 | Shoals:2 | Reached skill level 10 in Necromancy
 32182 | Shoals:2 | Reached skill level 10 in Fire Magic
 32182 | Shoals:2 | Reached skill level 10 in Ice Magic
 32182 | Shoals:2 | Reached skill level 10 in Air Magic
 32182 | Shoals:2 | Reached skill level 10 in Earth Magic
 32182 | Shoals:2 | Reached skill level 10 in Alchemy
 33170 | Shoals:3 | Reached skill level 12 in Axes
 33285 | Shoals:3 | Noticed Polyphemus
 33309 | Shoals:3 | Killed Polyphemus
 33493 | Shoals:3 | Noticed a kraken
 33703 | Shoals:3 | Killed a kraken
 33704 | Shoals:3 | Reached XP level 18. HP: 142/142 MP: 25/35
 34046 | Shoals:4 | Entered Level 4 of the Shoals
 34416 | Shoals:4 | Identified the ring "Koeruwil" {rC++ rN+ Will- Int-5 SInv}
 34426 | Shoals:4 | Paralysed by a formless jellyfish for 1 turns
 34436 | Shoals:4 | Paralysed by a formless jellyfish for 1 turns
 34971 | Shoals:4 | Got a barnacled rune of Zot
 35095 | Shoals:4 | Found a runed translucent door.
 36148 | Vaults:1 | Entered Level 1 of the Vaults
 36640 | Spider:1 | Entered Level 1 of the Spider Nest
 36767 | Spider:1 | Found a transporter.
 36775 | Spider:1 | Noticed yetimobile's ghost (adept OnGl)
 37161 | Spider:1 | Found a transporter.
 38013 | Spider:2 | Reached XP level 19. HP: 91/150 MP: 33/36
 38698 | Spider:3 | Reached skill level 13 in Axes
 39171 | Spider:4 | Entered Level 4 of the Spider Nest
 40269 | Spider:4 | Learned a level 4 spell: Dimensional Bullseye
 40274 | Spider:4 | Learned a level 4 spell: Iskenderun's Mystic Blast
 40280 | Spider:4 | Learned a level 5 spell: Borgnjor's Vile Clutch
 40752 | Spider:4 | Got a gossamer rune of Zot
 41788 | Vaults:1 | Reached XP level 20. HP: 159/159 MP: 38/38
 41941 | Vaults:1 | Paralysed by a formless jellyfish for 1 turns
 42551 | Vaults:2 | Noticed Mara
 42554 | Vaults:2 | Noticed RepHenryClay's illusion
 43083 | Vaults:2 | Reached skill level 15 in Invocations
 43184 | Vaults:2 | Noticed RepHenryClay's illusion
 43189 | Vaults:2 | Killed Mara
 43910 | Vaults:2 | Reached skill level 14 in Axes
 44195 | Vaults:2 | Found Ifuotixano's Book Boutique.
 44883 | Vaults:2 | Found a staircase to the Crypt.
 45083 | Vaults:3 | Reached skill level 15 in Spellcasting
 45363 | Vaults:3 | Reached XP level 21. HP: 36/167 MP: 6/40
 45369 | Vaults:3 | Reached skill level 15 in Fighting
 45369 | Vaults:3 | Reached skill level 15 in Maces & Flails
 45369 | Vaults:3 | Reached skill level 15 in Dodging
 46029 | Vaults:3 | Learned a level 6 spell: Eringya's Noxious Bog
 46248 | D:12     | Bought the ring of Qunosu {rElec Will+ Slay+2} for 663 gold
                  | pieces
 46369 | Vaults:3 | Identified the +1 scale mail of the Robin {Int+2}
 46863 | Vaults:4 | Identified a scroll of acquirement
 46886 | Vaults:4 | Acquired the +4 storm dragon scales of the Present {rElec
                  | rN++}
 46965 | Vaults:4 | Found a magical portal.
 46974 | WizLab   | Entered Eringya's Formal Garden
 47438 | WizLab   | Reached skill level 15 in Throwing
 47438 | WizLab   | Reached skill level 15 in Armour
 47617 | WizLab   | Learned a level 4 spell: Leda's Liquefaction
 47696 | WizLab   | Found a blossoming altar of Fedhas.
 47950 | Vaults:4 | Identified the +1 chain mail of Rotini {rN+ Will+}
 48049 | Vaults:4 | Acquired the +1 pair of boots of Roej {Will+ Str+4}
 48902 | Vaults:4 | Reached skill level 15 in Short Blades
 48902 | Vaults:4 | Reached skill level 15 in Long Blades
 48902 | Vaults:4 | Reached skill level 15 in Axes
 48902 | Vaults:4 | Reached skill level 15 in Polearms
 48902 | Vaults:4 | Reached skill level 15 in Staves
 48902 | Vaults:4 | Reached skill level 15 in Ranged Weapons
 48902 | Vaults:4 | Reached skill level 15 in Stealth
 48902 | Vaults:4 | Reached skill level 15 in Shields
 48902 | Vaults:4 | Reached skill level 15 in Unarmed Combat
 48902 | Vaults:4 | Reached skill level 15 in Evocations
 49414 | Elf:1    | Entered Level 1 of the Elven Halls
 49428 | Elf:1    | Reached XP level 22. HP: 176/176 MP: 38/41
 49790 | Elf:1    | Noticed Donald
 49798 | Elf:1    | Killed Donald
 49876 | Elf:1    | Identified the +9 great mace "Luakuxt" {flame, rPois rN+
                  | SInv Stlth-}
 50002 | Elf:1    | Found a shimmering blue altar of Sif Muna.
 50259 | Orc:2    | Bought the ring "Loiciaf" {rC+ Int+3} for 574 gold pieces
 50884 | Elf:1    | Identified the orb "Aseamok" {*Rage, Summ}
 50884 | Elf:1    | Identified the amulet of Incredulity {Rampage rF+ RegenMP+
                  | Int+3 SInv}
 51046 | Elf:2    | Found a shimmering blue altar of Sif Muna.
 51322 | Elf:2    | Found a runed translucent gate.
 51322 | Elf:2    | Found a runed translucent gate.
 51323 | Elf:2    | Found a runed translucent gate.
 52355 | Elf:3    | Entered Level 3 of the Elven Halls
 53002 | Elf:3    | Identified the +3 flail of the Shoals {speed, rPois rCorr}
 53013 | Elf:3    | Reached XP level 23. HP: 184/184 MP: 38/43
 53158 | Elf:3    | Identified the staff of the Unliving {Fly Will+ Dex-5 Ice
                  | Earth}
 53181 | Elf:3    | Identified the ring of the Falcon {rF+ Will- Str+4 Dex+6}
 53188 | Elf:3    | Identified the ring of the Firefly {^Drain Will+ Int+2
                  | Slay+4}
 53207 | Elf:3    | Identified the staff of the Eternal Warrior {rElec Int+6
                  | Air}
 53335 | Elf:3    | Identified the +4 chain mail of the Marlin {rN+ Str+5
                  | Int-4}
 53425 | Elf:3    | Got Sif Muna's Book of Peregrination
 53498 | Elf:3    | Got the Exposition on Warped Carrion
 54001 | Depths:1 | Entered Level 1 of the Depths
 54133 | Depths:1 | Learned a level 6 spell: Bombard
 54268 | Depths:1 | Reached skill level 16 in Axes
 54675 | Depths:1 | Found a gateway to Hell.
 54924 | Depths:1 | Found a bloodstained altar of Trog.
 54959 | Depths:1 | Identified the ring "Ymopacovoi" {rN+ Will- AC+4 Str+7}
 55018 | Depths:1 | Found a runed translucent door.
 55018 | Depths:1 | Found a shimmering altar of Xom.
 55018 | Depths:1 | Noticed Gazog's ghost (veteran GnWn)
 55335 | Depths:1 | Upgraded the game from 0.32-a0-898-g7811c86cf0 to
                  | 0.32-a0-900-g30fb1b0edc
 55443 | Depths:2 | You fall into a shaft and drop 1 floor!
 55838 | Depths:2 | Reached skill level 15 in Shapeshifting
 56066 | Depths:2 | Noticed Sojobo
 56079 | Depths:2 | Paralysed by an air elemental for 1 turns
 56086 | Depths:2 | Killed Sojobo
 56103 | Depths:2 | Reached XP level 24. HP: 171/193 MP: 38/44
 56162 | Depths:2 | Identified the +0 scale mail of Zealous Brilliance {rPois
                  | SInv}
 56172 | Depths:2 | Identified the +5 ring mail of Yredelemnul's Envy {+Blink
                  | rElec}
 56249 | Depths:2 | Reached skill level 15 in Summonings
 56279 | Depths:2 | Reached skill level 15 in Translocations
 56778 | Depths:2 | Noticed a juggernaut
 56784 | Depths:2 | Killed a juggernaut
 57066 | Depths:2 | Found a one-way gate to the infinite horrors of the Abyss.
 57103 | Depths:2 | Found a one-way gate leading to the halls of Pandemonium.
 57587 | Depths:3 | Reached skill level 17 in Axes
 57754 | Depths:3 | Found a one-way gateway to a ziggurat.
 57836 | Depths:3 | Found Ridat's Magic Scroll Emporium.
 57883 | Depths:3 | Bought 3 scrolls of teleportation for 153 gold pieces
 57883 | Depths:3 | Bought a scroll of teleportation for 51 gold pieces
 57907 | Depths:3 | Found a radiant altar of Vehumet.
 58021 | Depths:3 | Found a corrupted altar of Lugonu.
 58542 | Depths:3 | Noticed a juggernaut
 58562 | Depths:3 | Killed a juggernaut
 58964 | Depths:4 | Entered Level 4 of the Depths
 59012 | Depths:4 | Found a hide-covered altar of Uskayaw.
 59057 | Depths:4 | Reached XP level 25. HP: 193/202 MP: 37/44
 59125 | Depths:4 | Noticed Xtahua
 59178 | Depths:4 | Killed Xtahua
 59386 | Depths:4 | Found a gate to the Realm of Zot.
 60259 | Vaults:5 | Entered Level 5 of the Vaults
 60260 | Vaults:5 | Noticed a dread lich
 60261 | Vaults:5 | Noticed Margery
 60273 | Vaults:5 | Killed Margery
 60306 | Vaults:5 | Reached skill level 18 in Axes
 60362 | Vaults:5 | Noticed a dread lich
 60385 | Vaults:5 | Killed a dread lich
 60552 | Vaults:5 | Identified the +1 lajatang "Ziecipn" {freeze, ^Contam
                  | Will+++ Int-3 SInv}
 60675 | Vaults:5 | Noticed Saint Roka
 60715 | Vaults:5 | Killed Saint Roka
 60744 | Vaults:5 | Noticed a dread lich
 60762 | Vaults:5 | Killed a dread lich
 60773 | Vaults:5 | Reached skill level 15 in Conjurations
 60773 | Vaults:5 | Reached skill level 15 in Hexes
 60773 | Vaults:5 | Reached skill level 15 in Necromancy
 60773 | Vaults:5 | Reached skill level 15 in Fire Magic
 60773 | Vaults:5 | Reached skill level 15 in Ice Magic
 60773 | Vaults:5 | Reached skill level 15 in Air Magic
 60773 | Vaults:5 | Reached skill level 15 in Earth Magic
 60773 | Vaults:5 | Reached skill level 15 in Alchemy
 60939 | Vaults:5 | Noticed a dread lich
 60943 | Vaults:5 | Found the ring of the Octopus King {rF+ HP+2 AC+2 EV+2
                  | SH+2}
 60944 | Vaults:5 | Killed a dread lich
 61035 | Vaults:5 | Reached XP level 26. HP: 210/211 MP: 45/45
 61051 | Vaults:5 | Identified the maw talisman "Xuojass" {rC- Int+3 Dex+3}
 61909 | Vaults:5 | Got a silver rune of Zot
 61932 | Vaults:5 | Reached skill level 19 in Axes
 62105 | Vaults:4 | Killed a dread lich
 62357 | Vaults:5 | Found Ichips's Distillery.
 62365 | Vaults:5 | Bought a potion of heal wounds for 80 gold pieces
 62420 | Vaults:5 | Gained mutation: Armour fits poorly on your strangely
                  | shaped body. [a cacodemon]
 62423 | Vaults:5 | Gained mutation: You are weak. (Str -2) [a cacodemon]
 62609 | Vaults:5 | Identified the +1 scale mail of Decompression {+Inv rC-
                  | Int+4 Stlth+}
 62763 | Vaults:5 | Found the +9 staff of Olgreb {rPois∞}
 62784 | Vaults:5 | Identified the +6 sling "Bouwnael" {heavy, Dex+6 Stlth-}
 63189 | Vaults:5 | Found Ichips's Distillery.
 64110 | Depths:2 | Voluntarily entered the Abyss.
 64154 | Depths:2 | Escaped the Abyss
 64156 | Depths:2 | Voluntarily entered the Abyss.
 64338 | Abyss:3  | Upgraded the game from 0.32-a0-900-g30fb1b0edc to
                  | 0.32-a0-913-g739538afd8
 64492 | Abyss:3  | Found a shimmering altar of Xom.
 64499 | Abyss:3  | Got an abyssal rune of Zot
 64540 | Depths:2 | Escaped the Abyss
 64798 | Crypt:1  | Entered Level 1 of the Crypt
 64846 | Crypt:1  | Noticed Bai Suzhen
 64863 | Crypt:1  | Killed Bai Suzhen
 65099 | Crypt:1  | Identified the +5 chain mail of the Griffon {Str+9}
 65149 | Crypt:1  | You fall into a shaft and drop 1 floor!
 65231 | Crypt:2  | Learned a level 7 spell: Haunt
 65242 | Crypt:2  | Learned a level 8 spell: Disjunction
 65276 | Crypt:2  | Acquired a manual of Conjurations
 66567 | Crypt:3  | Entered Level 3 of the Crypt
 66602 | Crypt:3  | Got the Information on the Iliaster
 66829 | Crypt:3  | Reached skill level 20 in Axes
 66830 | Crypt:3  | Found an ancient bone altar of Kikubaaqudgha.
 66864 | Crypt:3  | Reached XP level 27. HP: 213/220 MP: 46/46
 67294 | Crypt:3  | Found a staircase to the Tomb.
 67294 | Crypt:3  | Noticed Jory
 67313 | Crypt:3  | Killed Jory
 67353 | Crypt:3  | Identified the +7 trident "Iraet" {freeze, rPois rCorr
                  | Dex-2 SInv}
 67508 | Crypt:3  | Identified the amulet "Hoizeolaco" {Faith rN++ rCorr Dex-2}
 67570 | Crypt:3  | Identified the ring "Dozir" {Ice rPois Str+4 Int-4}
 67570 | Crypt:3  | Noticed Josephina
 67776 | Crypt:3  | Identified the staff of Tielevot {^Drain rCorr Conj Hexes}
 67921 | Crypt:3  | Found an ancient bone altar of Kikubaaqudgha.
 67974 | Crypt:3  | Killed Josephina
 68084 | Crypt:3  | Found a staircase to the Tomb.
 68294 | Crypt:3  | Learned a level 8 spell: Ignition
 68930 | Slime:1  | Entered Level 1 of the Pits of Slime
 69490 | Slime:1  | Gained mutation: You are vulnerable to heat. (rF-) [a
                  | shining eye]
 69491 | Slime:1  | Gained mutation: Potions are less effective at restoring
                  | your health. [a shining eye]
 70390 | Slime:3  | Found a viscous altar of Jiyva.
 70802 | Slime:4  | Gained mutation: You are clumsy. (Dex -2) [a shining eye]
 71109 | Slime:5  | Entered Level 5 of the Pits of Slime
 71587 | Slime:5  | Gained mutation: Potions cannot restore your health. [a
                  | shining eye]
 71630 | Slime:5  | Noticed the Royal Jelly
 71641 | Slime:5  | Killed the Royal Jelly
 71830 | Slime:5  | Identified the staff of the Snake Pit {rN+ Will+ Conj}
 71838 | Slime:5  | Got a slimy rune of Zot
 71908 | Slime:5  | Got the Verses on Fateful Ouranomancy
 71909 | Slime:5  | Identified the +5 arbalest "Dipsio" {flame, Dex+4}
 71969 | Slime:5  | Identified the staff of Uskayaw's Scorn {rF+ rN+ Necro}
 71999 | Slime:5  | Found the ring of the Hare {EV+10}
 72194 | Slime:5  | Gained mutation: You sometimes lose your temper in combat.
                  | [a shining eye]
 72196 | Slime:5  | Lost mutation: You sometimes lose your temper in combat.
                  | [potion of mutation]
 72196 | Slime:5  | Lost mutation: Potions cannot restore your health. [potion
                  | of mutation]
 72196 | Slime:5  | Gained mutation: Your magical capacity is low. (-10% MP)
                  | [potion of mutation]
 72196 | Slime:5  | Gained mutation: You are strong-willed. (Will+) [potion of
                  | mutation]
 72196 | Slime:5  | Gained mutation: Your spells are a little harder to cast,
                  | but a little more powerful. [potion of mutation]
 72197 | Slime:5  | Lost mutation: You are weak. (Str -2) [potion of mutation]
 72197 | Slime:5  | Lost mutation: You are strong-willed. (Will+) [potion of
                  | mutation]
 72197 | Slime:5  | Gained mutation: You are somewhat resistant to further
                  | mutation. [potion of mutation]
 72198 | Slime:5  | Lost mutation: Potions are less effective at restoring your
                  | health. [potion of mutation]
 72198 | Slime:5  | Lost mutation: You are vulnerable to heat. (rF-) [potion of
                  | mutation]
 72198 | Slime:5  | Lost mutation: You are clumsy. (Dex -2) [potion of
                  | mutation]
 72198 | Slime:5  | Gained mutation: You possess an exceptional clarity of
                  | mind. [potion of mutation]
 72252 | Slime:5  | Paralysed by a formless jellyfish for 1 turns
 72264 | Slime:5  | Reached skill level 21 in Axes
 73549 | Zot:1    | Entered Level 1 of the Realm of Zot
 74213 | Zot:1    | You fall into a shaft and drop 1 floor!
 77041 | Zot:4    | Noticed an orb of fire
 77044 | Zot:4    | Gained mutation: Your flesh is heat resistant. (rF+) [an
                  | orb of fire]
 77077 | Zot:4    | Lost mutation: You possess an exceptional clarity of mind.
                  | [an orb of fire]
 77078 | Zot:4    | Killed an orb of fire
 77343 | Zot:4    | Identified the +5 scimitar "Afyxywel" {venom, +Blink rElec
                  | Will+ rCorr}
 77459 | Zot:4    | Noticed a dread lich
 77473 | Zot:4    | Found a transporter.
 77475 | Zot:4    | Found a transporter.
 77497 | Zot:4    | Reached skill level 22 in Axes
 77688 | Zot:4    | Noticed Qephaces's ghost (veteran GnGl)
 78170 | Zot:5    | Entered Level 5 of the Realm of Zot
 78738 | Zot:5    | Noticed an ancient lich
 78791 | Zot:4    | Killed an ancient lich
 78865 | Zot:5    | Noticed an orb of fire
 78866 | Zot:5    | Noticed an orb of fire
 78867 | Zot:5    | Upgraded the game from 0.32-a0-913-g739538afd8 to
                  | 0.32-a0-960-g3814254bd7
 78904 | Zot:5    | Killed an orb of fire
 78922 | Zot:5    | Noticed an ancient lich
 78932 | Zot:5    | Killed an ancient lich
 78961 | Zot:5    | Killed an orb of fire
 79432 | Zot:5    | Noticed an orb of fire
 79435 | Zot:5    | Gained mutation: Your system is resistant to poisons.
                  | (rPois) [an orb of fire]
 79442 | Zot:5    | Killed an orb of fire
 79447 | Zot:5    | Noticed a dread lich
 79795 | Zot:5    | Noticed a dread lich
 79805 | Zot:5    | Killed a dread lich
 79928 | Zot:5    | Noticed an orb of fire
 79935 | Zot:5    | Killed an orb of fire
 80082 | Zot:5    | Noticed an orb of fire
 80088 | Zot:5    | Killed an orb of fire
 80173 | Zot:5    | Reached skill level 23 in Axes
 80494 | Zot:5    | Killed a dread lich
 81315 | Zot:5    | Got the Orb of Zot
 81687 | D:14     | Noticed Umicaw the pandemonium lord
 81692 | D:14     | Noticed an ancient lich
 81706 | D:14     | Killed Umicaw the pandemonium lord
 81709 | D:14     | Killed an ancient lich
 81778 | D:12     | Noticed Egreyny the pandemonium lord
 81789 | D:12     | Killed Egreyny the pandemonium lord
 82123 | D:$      | Escaped with the Orb!

Illustrated notes

Levels and vault maps discovered:
D:1:      matt_arrival_los_fun, layout_basic, feat_on_display
D:2:      layout_loops_cross, hellmonk_ecumenical_altar_blasted, basic_altar,
          minmay_tree_intersection, roderic_roman_lattice
D:3:      layout_loops_ring, serial_shops, nicolae_shop_statue_plus,
          uniq_crazy_yiuf_cottage
D:4:      layout_rooms, serial_shops, nicolae_shop_stone, st_stairs_1,
          nicolae_goblin_pals, uniq_ijyb, uniq_grinder
D:5:      layout_basic, minmay_temple_entry_statues_pillars, uniq_menkaure,
          uniq_blork_the_orc
D:6:      layout_rooms, serial_rivers, chequers_serial_rivers_small_b,
          chequers_serial_rivers_small_a, chequers_serial_rivers_room_a,
          chequers_serial_rivers_large_a, chequers_serial_rivers_micro_e,
          minmay_shop_grid_forest
D:7:      layout_cave_pods, grunt_temple_overflow_open, serial_bayou,
          serial_bayou_shore_b, serial_bayou_lagoon_b, serial_bayou_lagoon_a,
          serial_bayou_crossing, serial_bayou_shore_b, serial_bayou_pond_c
D:8:      layout_loops_ring, serial_glass, glass_columns_c, glass_columns_a,
          minmay_holes
D:9:      layout_layer_cave, grunt_gozag_statues, lair_entry_dummy
D:10:     minmay_the_grid_four_pointed_star_mashed
          [minmay_the_grid_triangle_9x9_sprig,
          minmay_the_grid_triangle_9x9_warning,
          minmay_the_grid_triangle_9x9_longest,
          minmay_the_grid_triangle_9x9_tough_junction,
          minmay_the_grid_prize_trominoes], layout_loops_corners,
          minmay_orc_entry_guard_dogs
D:11:     layout_long_grid
D:12:     layout_roguey, serial_shops, nicolae_take_the_stairs,
          serial_corexii_hall, corexii_hall_statues_l,
          chequers_hall_statues_corner_a, uniq_nergalle, uniq_rupert
D:13:     layout_small_grid, hellmonk_vaults_attempted_burglary,
          nicolae_water_bricks, uniq_sonja
D:14:     layout_rooms, serial_co_window_serial, co_window_corner_a,
          co_window_of_opportunity_a, co_window_cross_1, co_window_paths_b,
          co_window_paths_a, co_window_corner_a, co_window_paths_b,
          co_window_of_opportunity_a, co_window_paths_b, co_window_corner_b,
          co_window_corner_b, co_window_broadway_a, co_window_2corner,
          co_window_unsneaky_path_b, co_window_cross_3, co_window_paths_d,
          glass_columns_a, glass_columns_a, glass_columns_a, glass_columns_b,
          glass_columns_c
D:15:     hellmonk_depths_entry_around_the_bend, layout_gridville,
          corexii_leaking_fountain, nicolae_dithmenos_through_a_glass_darkly,
          uniq_roxanne
Temple:   nicolae_temple_bog_church
Lair:1:   layout_misc_corridors, gammafunk_ghost_cemetery,
          nicolae_lair_grazing_beasts [nicolae_sub_lair_graze_edge,
          nicolae_sub_lair_graze_edge, nicolae_sub_lair_graze_edge,
          nicolae_sub_lair_graze_edge]
Lair:2:   layout_hall_layers, nicolae_shoals_entry_roost, dummy_spider_entry,
          serial_forest, infiniplex_forest_clump_curved,
          infiniplex_forest_clump_diagonal, infiniplex_forest_fountain,
          infiniplex_forest_straight_2, infiniplex_forest_corner_1,
          worms_lemuel, uniq_prince_ribbit2
Lair:3:   layout_loops_ring, uniq_urug, uniq_fannar
Lair:4:   layout_cave_pods, minmay_slime_entry_pillars, beast_lair_carwin_7,
          grunt_megastairs_2, lemuel_fruit_tree
Lair:5:   grunt_lair_end_beastmaster, layout_misc_corridors,
          nicolae_quartered_pool_super
Shoals:1: layout_shoals, nicolae_shoals_lost_giant_amphitheater
Shoals:2: layout_shoals, uniq_ilsuiw
Shoals:3: layout_shoals, uniq_polyphemus
Shoals:4: shoals_end_grunt_garden, layout_shoals, shoals_ilsuiw_ice,
          lightli_airlock
Spider:1: layout_spider_delve, gammafunk_ghost_mausoleum
Spider:2: layout_spider_delve
Spider:3: layout_spider_delve
Spider:4: grunt_spider_rune_parallel, hellmonk_narrow_tunnel
Slime:1:  layout_caves
Slime:2:  layout_caves, cheibrodos_slime_lost_civilization_4
Slime:3:  layout_caves, basic_altar
Slime:4:  layout_caves, nicolae_slime_getting_an_eyeful
Slime:5:  slime_pit_nicolae_block_by_block
Orc:1:    layout_caves, basic_altar
Orc:2:    st_orc_open, layout_caves, basic_altar, hangedman_feature_mirror,
          statue_in_the_mist_lemuel, minmay_orc_barracks
Elf:1:    layout_loops_corners, minmay_elf_crystal_hexagon,
          hangedman_summoners_spam, uniq_donald
Elf:2:    elven_hall_of_blades_hangedman_original [nicolae_blade_lattice],
          layout_gridlike, basic_altar
Elf:3:    elf_hall, layout_gridlike, special_room [special_room_mythical_zoo]
Vaults:1: portal_desolation_entry_nicolae_slug, nicolae_vaults_tetromino_T_1,
          nicolae_vaults_specimen_jars, nicolae_vaults_storage_closets_2,
          hangedman_vaults_unwind, nicolae_vaults_apartment_1,
          vaults_standard_mumra_enter_the_diamond, v_misc_5,
          nicolae_vaults_more_shelving_2, nicolae_vaults_wine_cellar, v_misc_13,
          layout_vaults_omnicross
Vaults:2: nicolae_vaults_offset_grid_hallway_4,
          nicolae_vaults_closet_pinwheel_3, vaults_room_pools,
          ontoclasm_vaults_loading_screen, v_misc_8,
          nicolae_vaults_angled_halls, nicolae_vaults_diagonal_hallway_6,
          nicolae_vaults_theta, nicolae_vaults_tetromino_L_2,
          minmay_crypt_entry_simple_box, layout_vaults_omnigrid, serial_shops,
          nicolae_book_shop_shelving, uniq_mara
Vaults:3: v_rooms_4, ontoclasm_vaults_chip, nicolae_vaults_network_star,
          grunt_vaults_hallway_long, nicolae_vaults_statue_guard,
          hangedman_vaults_river_flow, nicolae_vaults_three_branches,
          ontoclasm_vaults_claustrophobia, nicolae_vaults_sightless_eye,
          vaults_dpeg_encased_lava, layout_vaults_maze_bifur
Vaults:4: infiniplex_enter_wizlab_water, nicolae_vaults_twisting_passages,
          hangedman_vaults_slice, v_pattern_2, vaults_standard_mumra_x,
          vaults_mumra_hex, nicolae_vaults_shipping_containers_5,
          nicolae_vaults_alarming, layout_vaults_chaotic_city
Vaults:5: uniq_saint_roka, uniq_margery
Crypt:1:  layout_chaotic_city, grunt_crypt_arrival_split, uniq_bai_suzhen
Crypt:2:  layout_chaotic_city, st_stairs_3
Crypt:3:  grunt_crypt_end_deaths_head, uniq_josephina
Depths:1: layout_cave_shapes, ebering_ghost_xom, hell_entry,
          evilmike_spriggan_trog_shrine
Depths:2: hangedman_box_tower, layout_gridlike, nicolae_zig_zag_zippers,
          pf_coc_iceberg, abyss_entry_small_statue_room, pan_entry,
          nicolae_tricolors, infiniplex_staircase_zigzag_4, uniq_sojobo
Depths:3: hangedman_cross_veins, layout_gridlike, enter_ziggurat_a,
          nicolae_vehumet_altar_sigil, serial_shops,
          nicolae_shop_gibbet_a_chance, abyss_entry_flame_altar,
          rand_demon_pan_entry_3, hell_entry, chequers_hall_statues_y
Depths:4: grunt_zot_entry_funnels, layout_cave_shapes, moated_statue,
          hell_entry, nicolae_uskayaw_suspiria, grunt_megastairs_1, uniq_xtahua
Zot:1:    layout_basic, st_stairs_5
Zot:2:    layout_gridville, regret_index_zot_stipple_split
Zot:3:    layout_basic, regret_index_zotdec_obsidian_hm,
          st_single_dragon_hoard_4
Zot:4:    layout_basic, gammafunk_ghost_abyssal_escape
Zot:5:    layout_concentric_octagons, nicolae_tricolors

Skill      XL: |  1  2  3  4  5  6  7  8  9 10 11 12 13 14 15 16 17 18 19 20 21 22 23 24 25 26 27 |
---------------+----------------------------------------------------------------------------------+-----
Spellcasting   | 5 6 7 8 9 10 11 12 13 14 15 16 17 18 19 20 | 20.8
Invocations    | 1 2 3 4 5 6 7 8 10 11 12 13 14 15 16 17 18 19 22 | 22.0
Short Blades   | 1 2 3 4 5 6 7 8 9 10 11 12 13 14 15 16 17 18 20 | 20.3
Long Blades    | 1 2 3 4 5 6 7 8 9 10 11 12 13 14 15 16 17 18 20 | 20.3
Axes           | 1 2 3 4 5 6 7 8 9 10 11 12 13 14 15 16 17 18 20 23 | 23.2
Polearms       | 1 2 3 4 5 6 7 8 9 10 11 12 13 14 15 16 17 18 20 | 20.3
Staves         | 1 2 3 4 5 6 7 8 9 10 11 12 13 14 15 16 17 18 20 | 20.3
Ranged Weapons | 1 2 3 4 5 6 7 8 9 10 11 12 13 14 15 16 17 18 20 | 20.3
Stealth        | 1 2 3 4 5 6 7 8 9 10 11 12 13 14 15 16 17 18 20 | 20.3
Shields        | 1 2 3 4 5 6 7 8 9 10 11 12 13 14 15 16 17 18 20 | 20.3
Unarmed Combat | 1 2 3 4 5 6 7 8 9 10 11 12 13 14 15 16 17 18 20 | 20.3
Evocations     | 1 2 3 4 5 6 7 8 9 10 11 12 13 14 15 16 17 18 20 | 20.3
Shapeshifting  | 1 2 3 4 5 6 7 8 9 10 11 12 13 14 15 16 17 18 | 18.8
Conjurations   | 1 2 3 4 5 6 7 8 9 10 11 12 13 14 15 19 | 19.0
Hexes          | 1 2 3 4 5 6 7 8 9 10 11 12 13 14 15 17 | 17.4
Summonings     | 1 2 3 4 5 6 7 8 9 10 11 12 13 14 15 17 18 20 | 20.7
Necromancy     | 1 2 3 4 5 6 7 8 9 10 11 12 13 14 15 17 | 17.4
Fire Magic     | 1 2 3 4 5 6 7 8 9 10 11 12 13 14 15 17 | 17.4
Ice Magic      | 1 2 3 4 5 6 7 8 9 10 11 12 13 14 15 17 | 17.4
Air Magic      | 1 2 3 4 5 6 7 8 9 10 11 12 13 14 15 17 | 17.4
Earth Magic    | 1 2 3 4 5 6 7 8 9 10 11 12 13 14 15 17 | 17.4
Alchemy        | 1 2 3 4 5 6 7 8 9 10 11 12 13 14 15 17 | 17.4
Throwing       | 3 4 5 6 7 8 9 10 11 12 13 14 15 16 17 18 20 | 20.5
Armour         | 3 4 5 6 7 8 9 10 11 12 13 14 15 16 17 18 20 | 20.5
Fighting       | 5 6 7 8 9 10 11 12 13 14 15 16 17 18 20 | 20.8
Maces & Flails | 5 6 7 8 9 10 11 12 13 14 15 16 17 18 20 | 20.8
Dodging        | 5 6 7 8 9 10 11 12 13 14 15 16 17 18 20 | 20.8
Translocations | 6 7 8 9 10 11 12 13 14 15 16 18 | 18.1

Action                     |  1- 3 |  4- 6 |  7- 9 | 10-12 | 13-15 | 16-18 | 19-21 | 22-24 | 25-27 || total
---------------------------+-------+-------+-------+-------+-------+-------+-------+-------+-------++-------
  Melee: Whip              |    89 |       |       |       |       |       |       |       |       ||    89
         Mace              |     4 |       |       |       |       |       |       |       |       ||     4
         Bite              |    11 |    11 |    39 |    98 |       |     6 |     5 |   203 |   733 ||  1106
         Short sword       |    43 |   153 |   220 |   389 |       |       |       |       |       ||   805
         Spear             |       |     7 |    52 |   225 |       |       |       |       |       ||   284
         Flail             |       |       |       |       |       |     2 |       |       |       ||     2
         Demon trident     |       |       |       |       |       |    31 |     4 |  1000 |  2636 ||  3671
         Shortbow          |       |       |       |       |       |     5 |     1 |       |       ||     6
         Demon blade       |       |       |       |       |       |       |    37 |       |       ||    37
         Eudemon blade     |       |       |       |       |       |       |       |       |   733 ||   733
         Staff             |       |       |       |       |       |       |       |       |    21 ||    21
   Fire: Shortbow          |       |       |       |    48 |  1003 |  1169 |  1543 |   787 |       ||  4550
  Throw: Dart              |     3 |       |    28 |    39 |       |     1 |       |     2 |       ||    73
         Throwing net      |       |     1 |       |       |       |       |       |       |       ||     1
         Javelin           |       |       |       |       |       |       |       |       |    77 ||    77
   Cast: Momentum Strike   |       |       |    10 |     7 |     3 |       |     1 |       |       ||    21
         Blink             |       |       |       |     6 |     8 |    13 |    11 |     2 |     9 ||    49
         Vhi's Electric Ch |       |       |       |     2 |       |       |     2 |       |     4 ||     8
         Olgreb's Toxic Ra |       |       |       |       |    46 |    52 |    81 |    26 |    11 ||   216
         Freezing Cloud    |       |       |       |       |    34 |    56 |    69 |    38 |    14 ||   211
         Lesser Beckoning  |       |       |       |       |     1 |     1 |       |       |     1 ||     3
         Ignite Poison     |       |       |       |       |       |     6 |     1 |     1 |       ||     8
         Teleport Other    |       |       |       |       |       |     1 |       |       |       ||     1
         Maxwell's Portabl |       |       |       |       |       |     1 |       |       |       ||     1
         Borgnjor's Vile C |       |       |       |       |       |       |    23 |    14 |     8 ||    45
         Iskenderun's Myst |       |       |       |       |       |       |     4 |     2 |     1 ||     7
         Dimensional Bulls |       |       |       |       |       |       |     2 |       |       ||     2
         Leda's Liquefacti |       |       |       |       |       |       |     1 |       |       ||     1
         Bombard           |       |       |       |       |       |       |       |    40 |    35 ||    75
         Eringya's Noxious |       |       |       |       |       |       |       |     1 |       ||     1
         Disjunction       |       |       |       |       |       |       |       |       |     2 ||     2
         Ignition          |       |       |       |       |       |       |       |       |    54 ||    54
         Haunt             |       |       |       |       |       |       |       |       |     3 ||     3
 Invoke: Slouch            |       |       |       |     3 |     1 |       |       |       |       ||     4
         Bend Time         |       |       |       |       |       |     4 |     2 |     1 |     5 ||    12
         Temporal Distorti |       |       |       |       |       |       |       |       |     1 ||     1
  Evoke: Wand              |       |       |    18 |     9 |       |     1 |     2 |     2 |     1 ||    33
         Box of beasts     |       |       |       |     2 |       |     1 |     1 |     1 |     3 ||     8
         Lightning rod     |       |       |       |       |     3 |       |       |       |     1 ||     4
         Gell's gravitambo |       |       |       |       |       |       |     1 |     1 |     1 ||     3
    Use: Scroll            |       |     4 |     3 |    10 |     6 |     3 |    14 |    11 |    24 ||    75
         Potion            |       |       |     1 |     2 |     1 |     3 |     4 |     1 |    11 ||    23
   Stab: Sleeping          |       |       |     2 |     4 |       |       |     1 |    21 |    27 ||    55
         Invisible         |       |       |       |     6 |       |       |       |       |       ||     6
         Distracted        |       |       |       |     2 |       |       |       |     8 |    14 ||    24
         Confused          |       |       |       |       |       |       |       |       |     1 ||     1
 Armour: Leather armour    |    76 |     5 |       |       |       |       |       |       |       ||    81
         Ring mail         |       |    68 |   183 |   319 |   229 |       |       |       |       ||   799
         Scale mail        |       |       |       |       |    39 |   192 |   235 |       |       ||   466
         Robe              |       |       |       |       |       |    16 |       |       |       ||    16
         Gold dragon scale |       |       |       |       |       |   493 |   415 |       |       ||   908
         Storm dragon scal |       |       |       |       |       |       |    51 |   580 |   943 ||  1574
         Acid dragon scale |       |       |       |       |       |       |       |       |    46 ||    46
         Quicksilver drago |       |       |       |       |       |       |       |       |    26 ||    26
  Dodge: Dodged            |   117 |    88 |   159 |   388 |   398 |   807 |   905 |   764 |  1833 ||  5459
         Repelled          |       |       |       |       |       |       |    86 |   106 |    56 ||   248
  Block: Buckler           |       |       |       |   199 |       |       |       |       |       ||   199
         Kite shield       |       |       |       |       |       |       |       |   738 |  2745 ||  3483

Table legend: (Time is in decaauts)
 A = Elapsed time spent in this place.
 B = Non-inter-level travel time spent in this place.
 C = Inter-level travel time spent in this place.
 D = Time resting spent in this place.
 E = Time spent auto-exploring this place.
 F = Levels seen in this place.
 G = Mean time per level.
                   A        B        C        D        E       F      G
               +--------+--------+--------+--------+--------+-----+--------+
         Total | 121745 | 101975 |  19770 |   8733 |  72360 |  61 | 1995.8 |
       Dungeon |  31105 |  22341 |   8764 |   2122 |  16846 |  15 | 2073.7 |
        Temple |      1 |      1 |      0 |      0 |      0 |   1 |    1.0 |
          Lair |  13082 |  11013 |   2069 |   1946 |   6894 |   5 | 2616.4 |
        Shoals |   8252 |   7800 |    452 |   1011 |   5298 |   4 | 2063.0 |
   Spider Nest |   6286 |   5699 |    587 |    607 |   3699 |   4 | 1571.5 |
    Slime Pits |   4986 |   4686 |    300 |    360 |   3545 |   5 |  997.2 |
  Orcish Mines |   4021 |   3134 |    887 |    187 |   2261 |   2 | 2010.5 |
   Elven Halls |   6748 |   5891 |    857 |    140 |   4438 |   3 | 2249.3 |
        Vaults |  17250 |  14415 |   2835 |    883 |  10240 |   5 | 3450.0 |
         Crypt |   5504 |   5212 |    292 |    159 |   3876 |   3 | 1834.7 |
        Depths |  10882 |   8857 |   2025 |    770 |   5896 |   4 | 2720.5 |
           Zot |  11887 |  11190 |    697 |    431 |   8726 |   5 | 2377.4 |
         Abyss |    568 |    568 |      0 |     50 |     36 |   4 |  142.0 |
        Wizlab |   1166 |   1166 |      0 |     64 |    603 |   1 | 1166.0 |
               +--------+--------+--------+--------+--------+-----+--------+

Top non-repeatable levels by time:
Vaults:5: 4299 daAuts
   Zot:5: 4265 daAuts
    D:10: 3880 daAuts
     D:9: 3630 daAuts
Vaults:1: 3583 daAuts
Vaults:2: 3363 daAuts
  Lair:4: 3340 daAuts
Depths:2: 3293 daAuts
Vaults:4: 3171 daAuts
Depths:1: 3146 daAuts
   Orc:2: 3017 daAuts
    D:15: 2962 daAuts
Vaults:3: 2832 daAuts
    D:13: 2797 daAuts
  Lair:2: 2694 daAuts
